 Dungeon Crawl Stone Soup version 0.30-a0-341-g682706514a (webtiles) character file.

Game seed: 14920081102093972191

2305 ytrimaz the Fighter (level 9, -3/105 (106) HPs)
             Began as an Ogre Berserker on Nov 4, 2022.
             Was a Priest of Trog.
             Slain by a hornet (15 damage)
             ... on level 8 of the Dungeon.
             The game lasted 00:08:34 (7297 turns).

ytrimaz the Fighter (Ogre Berserker)                Turns: 7297, Time: 00:08:35

HP:   -3/105 (106)  AC:  6    Str: 27    XL:     9   Next: 41%
MP:   9/9           EV: 10    Int:  8    God:    Trog [***...]
Gold: 194           SH:  0    Dex:  8    Spells: 8/8 levels left

rFire   . . .      SeeInvis .    B - +0 giant club
rCold   . . .      Faith    .    (shield currently unavailable)
rNeg    . . .      Spirit   .    a - +0 steam dragon scales
rPois   .          Reflect  .    (helmet restricted)
rElec   .          Harm     .    A - scarf {repulsion}
rCorr   .          Rampage  .    (gloves unavailable)
Will    .....                    (boots unavailable)
Stlth   +.........               q - amulet of the acrobat
HPRegen 0.37/turn                (no ring)
MPRegen 0.11/turn                (no ring)

@: on berserk cooldown, slowed, lightly drained, repel missiles, very slow
A: large, unfitting armour, tough skin 1
a: Renounce Religion, Berserk, Trog's Hand


You were on level 8 of the Dungeon.
You worshipped Trog.
Trog was most pleased with you.
You visited 2 branches of the dungeon, and saw 9 of its levels.

You collected 290 gold pieces.
You spent 96 gold pieces at shops.


Innate Abilities, Weirdness & Mutations

You are too large for most types of armour.
You have tough skin. (AC +1)


   Skills:
 + Level 11.9 Fighting
 + Level 8.4 Maces & Flails
 - Level 2.6 Dodging


You had 8 spell levels left.
You didn't know any spells.
Your spell library was empty.

Inventory:

Hand Weapons
 y - a +1 whip of venom
   (You found it on level 4 of the Dungeon)
 B - a +0 giant club (weapon)
   (You took it off an ogre on level 5 of the Dungeon)
Missiles
 e - 9 boomerangs (quivered)
 t - 2 poisoned darts
Armour
 a - +0 steam dragon scales (worn)
   (You found it on level 6 of the Dungeon)
 A - a scarf of repulsion (worn)
   (You found it on level 5 of the Dungeon)
Jewellery
 q - an amulet of the acrobat (around neck)
   (You found it on level 3 of the Dungeon)
Wands
 o - a wand of acid (1)
   (You found it on level 2 of the Dungeon)
 r - a wand of mindburst (10)
   (You found it on level 7 of the Dungeon)
Scrolls
 b - 3 scrolls of fear
 h - 10 scrolls of teleportation
 i - 2 scrolls of magic mapping
 p - 2 scrolls of noise
 s - 3 scrolls of enchant weapon
 u - a scroll of amnesia
 w - 4 scrolls of enchant armour
 x - a scroll of butterflies
 z - a scroll of blinking
Potions
 c - a potion of ambrosia
 d - 4 potions of lignification
 f - a potion of brilliance
 j - a potion of flight
 k - 3 potions of attraction
 l - 2 potions of mutation
 m - a potion of resistance
 n - 2 potions of haste
 v - 2 potions of cancellation

Dungeon Overview and Level Annotations

Branches:
Dungeon (8/15) Zot: 26970  Temple (1/1) D:4 Zot: 5995
   Lair: D:8-11

Altars:
Cheibriados
Elyvilon
Fedhas
Hepliaklqana
Kikubaaqudgha
Makhleb
Nemelex Xobeh
Okawaru
Qazlal
Sif Muna
Trog
Uskayaw
Vehumet
Wu Jian
Xom
Yredelemnul
Zin
The Shining One

Shops:
D:2 [   D:3 ?

Portals:
Abyss: D:6

Annotations:
D:6 2 transporters, ragingrage's ghost, novice OpWn

# #.
#..####
#...<.#
#.###.#
..#.#...#)#
.......@..#
.##.##y##.#
... #.#
..##. ###
... .. ..
.. . ...
.#.


You could see a hornet.


Message History

You take 12 damage, and now have 132/157 hp.
You barely miss the hornet.
You feel very sick. The hornet stings you!
You suddenly lose the ability to move!
The hornet stings you but does no damage.
You feel yourself speed up.
You feel very sick. The hornet stings you.
You shrug off the repeated paralysis!
You can move again. 😮 HP[-19]
You take 19 damage, and now have 113/157 hp.
You closely miss the hornet.
You feel sick. The hornet closely misses you. 😮 HP[-2]
You take 2 damage, and now have 111/157 hp.
You barely miss the hornet.
You feel sick. The hornet stings you.
You feel yourself slow down.
The hornet stings you but does no damage. 😮 HP[-3]
You take 3 damage, and now have 108/157 hp.
You sock the hornet!
You feel sick. The hornet stings you!
You suddenly lose the ability to move!
You feel yourself speed up.
You feel sick. The hornet stings you.
You shrug off the repeated paralysis!
The hornet stings you!
You are more poisoned.
You feel yourself slow down.
You feel very sick.
The hornet stings you but does no damage.
You can move again. 😮 HP[-25]
You take 25 damage, and now have 83/157 hp.
You closely miss the hornet.
You feel yourself speed up.
You feel very sick. The hornet stings you.
* * * LOW HITPOINT WARNING * * *
You feel yourself slow down. The hornet barely misses you. 😨 HP[-5]
You take 5 damage, and now have 78/157 hp.
You hit the hornet.
You feel yourself speed up.
You feel very sick. The hornet closely misses you.
The hornet stings you but does no damage. 😨 HP[-2]
You take 2 damage, and now have 76/157 hp.
You miss the hornet.
You feel sick. The hornet closely misses you.
Unknown command. 😨 HP[-1]
You take 1 damage, and now have 75/157 hp.
You closely miss the hornet.
You feel sick.
The hornet stings you but does no damage.
The hornet stings you!
* * * LOW HITPOINT WARNING * * *
You are more poisoned.
You feel yourself slow down. 😨 HP[-8]
You take 8 damage, and now have 67/157 hp.
You sock the hornet!
You are no longer berserk.
You are exhausted.
You feel as though you will be slow longer.
You feel very sick. The hornet stings you.
* * * LOW HITPOINT WARNING * * *
You are more poisoned.
You feel as though you will be slow longer. 😨 HP[-28]
You now have 105 max hp (-52).
You miss the hornet.
You feel extremely sick. The hornet stings you!
* * * LOW HITPOINT WARNING * * *
You feel as though you will be slow longer.
The hornet barely misses you.
The hornet closely misses you. 😱 HP[-14]
You take 14 damage, and now have 25/105 hp.
Unknown command.
You closely miss the hornet.
You feel very sick. The hornet stings you.
* * * LOW HITPOINT WARNING * * *
You are lethally poisoned!
You feel as though you will be slow longer.
The hornet barely misses you.
The hornet stings you but does no damage. 😱 HP[-10]
You take 10 damage, and now have 15/105 hp.
You feel better. The hornet barely misses you. The hornet stings you!
* * * LOW HITPOINT WARNING * * *
You are lethally poisoned!
You feel as though you will be slow longer. 😱 HP[-7]
You take 7 damage, and now have 8/105 hp.
You feel better. The hornet stings you.
* * * LOW HITPOINT WARNING * * *
You feel as though you will be slow longer.
The hornet stings you!
You die...

Skill      XL: |  1  2  3  4  5  6  7  8  9 |
---------------+----------------------------+-----
Maces & Flails | 3 4 5 6 7 8 |  8.4
Fighting       | 5 6 7 9 11 | 11.9
Dodging        | |  2.6

Action                   |  1- 3 |  4- 6 |  7- 9 || total
-------------------------+-------+-------+-------++-------
Melee: Mace              |   106 |   113 |       ||   219
       Whip              |       |    31 |   182 ||   213
       Punch             |       |       |     2 ||     2
       Giant club        |       |       |    40 ||    40
Invok: Berserk           |       |     5 |     5 ||    10
  Use: Scroll            |     4 |    13 |     5 ||    22
       Potion            |       |       |     3 ||     3
Armor: Animal skin       |    57 |    14 |     6 ||    77
       Skin              |       |       |    13 ||    13
       Steam dragon scal |       |       |    47 ||    47
Dodge: Dodged            |    72 |    82 |   104 ||   258
       Repelled          |       |       |     1 ||     1

Levels and vault maps discovered:
D:1:      elethiomel_arrival_quiet, layout_basic
D:2:      layout_basic, basic_altar, shapermc_ecumenical_altar_starsandcircs,
          serial_shops, nicolae_shop_statue_plus, dk_vineyard_3, uniq_jessica
D:3:      layout_loops_corners, serial_shops, shop_fountains
D:4:      layout_loops_ring, nicolae_wu_jian_wuxing_cycle,
          minmay_temple_entry_stoned_glass
D:5:      layout_basic, minmay_misc_feat_tiny
D:6:      layout_gridville, kennysheep_little_box, lemuel_crystal_altar,
          gammafunk_ghost_abyssal_escape
D:7:      layout_cave_pods, uniq_prince_ribbit1
D:8:      lemuel_bear_cage, layout_basic, nicolae_gozag_seed_capital,
          mainiacjoe_overflow_surrounded_room, nicolae_overflow_hidden_temple,
          enter_bailey_3
Temple:   nicolae_temple_no_exploring_needed

Notes
Turn   | Place    | Note
-------+----------+-------------------------------------------
     0 | D:1      | ytrimaz the Ogre Berserker began the quest for the Orb.
     0 | D:1      | Reached XP level 1. HP: 24/24 MP: 1/1
     0 | D:1      | magus.rc [v1.9.6]
    46 | D:1      | Reached XP level 2. HP: 13/33 MP: 2/2
    53 | D:1      | Reached skill level 3 in Maces & Flails
   643 | D:1      | Reached XP level 3. HP: 41/41 MP: 3/3
  1109 | D:2      | Found a faded altar of an unknown god.
  1131 | D:2      | Reached ** piety under Trog
  1149 | D:2      | Found Pihoas's Armour Emporium.
  1153 | D:2      | Found a snail-covered altar of Cheibriados.
  1260 | D:2      | Reached skill level 5 in Fighting
  1535 | D:2      | Reached XP level 4. HP: 36/50 MP: 4/4
  1768 | D:2      | Noticed Jessica
  1775 | D:2      | Killed Jessica
  2662 | D:3      | Reached skill level 4 in Maces & Flails
  2662 | D:3      | Reached XP level 5. HP: 58/59 MP: 5/5
  2805 | D:3      | Found Onoh's Magic Scroll Shop.
  2813 | D:3      | Bought a scroll of identify for 24 gold pieces
  2813 | D:3      | Bought a scroll of identify for 24 gold pieces
  2813 | D:3      | Bought a scroll of identify for 24 gold pieces
  2813 | D:3      | Bought a scroll of identify for 24 gold pieces
  3132 | D:4      | Reached skill level 6 in Fighting
  3143 | D:4      | HP: 15/61 [orc/+0 flail (5)]
  3146 | D:4      | HP: 5/61 [orc/+0 flail (4)]
  3527 | D:4      | Found an ornate altar of the Wu Jian Council.
  3543 | D:4      | Reached XP level 6. HP: 63/68 MP: 6/6
  3719 | D:4      | Reached skill level 7 in Fighting
  3930 | D:4      | Found a staircase to the Ecumenical Temple.
  3944 | Temple   | Entered the Ecumenical Temple
  4163 | D:5      | Entered Level 5 of the Dungeon
  4175 | D:5      | Reached skill level 5 in Maces & Flails
  4364 | D:5      | Reached XP level 7. HP: 79/79 MP: 7/7
  4373 | D:5      | Reached skill level 8 in Fighting
  4497 | D:5      | Reached skill level 6 in Maces & Flails
  4728 | D:5      | Reached skill level 9 in Fighting
  4813 | D:5      | Reached XP level 8. HP: 67/92 MP: 8/8
  5227 | D:6      | Noticed ragingrage's ghost (novice OpWn)
  5474 | D:6      | Found a radiant altar of Vehumet.
  5617 | D:6      | Found a one-way gate to the infinite horrors of the Abyss.
  5638 | D:6      | Found a transporter.
  5659 | D:6      | Found a transporter.
  5664 | D:6      | Reached skill level 10 in Fighting
  5675 | D:6      | Reached skill level 7 in Maces & Flails
  5966 | D:6      | Noticed a toenail golem
  6175 | D:6      | Found a snail-covered altar of Cheibriados.
  6306 | D:7      | Noticed Prince Ribbit
  6326 | D:7      | Reached skill level 11 in Fighting
  6326 | D:7      | Reached XP level 9. HP: 89/105 MP: 9/9
  6330 | D:7      | Killed Prince Ribbit
  6331 | D:7      | Reached skill level 8 in Maces & Flails
  6533 | D:7      | Reached *** piety under Trog
  7276 | D:8      | Noticed a hornet
  7282 | D:8      | Paralysed by a hornet for 2 turns
  7286 | D:8      | Paralysed by a hornet for 3 turns
  7294 | D:8      | HP: 25/105 [hornet (8)]
  7296 | D:8      | HP: 8/105 [hornet (15)]
  7297 | D:8      | Slain by a hornet

Vanquished Creatures
  Prince Ribbit (D:7)
  2 steam dragons (D:6)
  A water moccasin (D:5)
  2 orc warriors
  An ice beast (D:5)
  A sky beast (D:7)
  An ogre (D:5)
  3 phantoms
  3 necrophages
  A gnoll sergeant (D:7)
  3 scorpions
  A howler monkey (D:7)
  2 jellies
  3 orc priests
  Jessica (D:2)
  5 iguanas
  3 orc wizards
  9 adders
  4 gnolls (D:7)
  A shadow imp (D:7)
  An ufetubus (D:6)
  2 worms
  2 dart slugs
  11 orcs
  3 endoplasms
  2 giant cockroaches
  11 goblins
  5 hobgoblins
  6 jackals (D:3)
  3 kobolds
  4 quokkas
  7 ball pythons
  5 bats
  3 frilled lizards
  3 rats (D:1)
116 creatures vanquished.

Table legend:
 A = Non-vault XP
 B = Vault XP
 C = Vault XP percentage of total XP
 D = Non-vault monster count
 E = Vault monster count
 F = Vault count percentage of total count
                 A         B        C        D         E       F
            +---------+---------+-------+---------+---------+-------
      Total |    2974 |     320 |   9.7 |     114 |       2 |   1.7
            +---------+---------+-------+---------+---------+-------
        D:1 |      36 |       0 |   0.0 |      21 |       0 |   0.0
        D:2 |      51 |      37 |  42.0 |      13 |       1 |   7.1
        D:3 |      47 |       0 |   0.0 |      16 |       0 |   0.0
        D:4 |     312 |       0 |   0.0 |      18 |       0 |   0.0
        D:5 |     862 |       0 |   0.0 |      11 |       0 |   0.0
        D:6 |     866 |       0 |   0.0 |      17 |       0 |   0.0
        D:7 |     797 |     283 |  26.2 |      17 |       1 |   5.6
        D:8 |       3 |       0 |   0.0 |       1 |       0 |   0.0
            +---------+---------+-------+---------+---------+-------

Illustrated notes

Table legend:
 A = Kills in this place as a percentage of kills in entire the game.
 B = Kills by you in this place as a percentage of kills by you in the entire game.
 C = Kills by friends in this place as a percentage of kills by friends in the entire game.
 D = Other kills in this place as a percentage of other kills in the entire game.
 E = Experience gained in this place as a percentage of experience gained in the entire game.
 F = Experience gained in this place divided by the number of levels of this place that you have seen.
                   A       B       C       D       E      F
               +-------+-------+-------+-------+-------+----------------------
         Total | 100.0 | 100.0 |   N/A |   N/A | 100.0 | 366.0
       Dungeon | 100.0 | 100.0 |   N/A |   N/A | 100.0 | 411.8
               +-------+-------+-------+-------+-------+----------------------

Table legend: (Time is in decaauts)
 A = Elapsed time spent in this place.
 B = Non-inter-level travel time spent in this place.
 C = Inter-level travel time spent in this place.
 D = Time resting spent in this place.
 E = Time spent auto-exploring this place.
 F = Levels seen in this place.
 G = Mean time per level.
                   A        B        C        D        E       F      G
               +--------+--------+--------+--------+--------+-----+--------+
         Total |   7377 |   7251 |    126 |    262 |   5933 |   9 |  819.7 |
       Dungeon |   7373 |   7247 |    126 |    262 |   5933 |   8 |  921.6 |
        Temple |      4 |      4 |      0 |      0 |      0 |   1 |    4.0 |
               +--------+--------+--------+--------+--------+-----+--------+

Top non-repeatable levels by time:
     D:4: 1199 daAuts
     D:6: 1143 daAuts
     D:2: 1088 daAuts
     D:7: 1044 daAuts
     D:1: 997 daAuts
     D:3: 952 daAuts
     D:5: 920 daAuts
     D:8: 27 daAuts
  Temple: 4 daAuts
